 Dungeon Sprint DCSS version 0.20-a0-555-gf6ae02d (webtiles) character file.

154 Gingerlord the Covered (level 5, -8/46 HPs)
             Began as a Barachian Fighter on Feb 4, 2017.
             Was an Initiate of Makhleb.
             Mangled by a two-headed ogre
             ... wielding a +0 giant spiked club
              (20 damage)
             ... in the Dungeon (Sprint IX: "|||||||||||||||||||||||||||||").
             The game lasted 00:01:09 (383 turns).

Gingerlord the Covered (Barachian Fighter)           Turns: 383, Time: 00:01:10

Health: -8/46      AC: 12    Str: 15    XL:     5   Next: 35%
Magic:  5/7        EV:  8    Int:  9    God:    Makhleb [......]
Gold:   0          SH:  9    Dex: 11    Spells: 4/4 levels left

rFire    . . .     SeeInvis .   p - +2 scimitar (flame)
rCold    . . .     Gourm    .   r - +1 chain mail
rNeg     . . .     Faith    .   c - +0 shield
rPois    .         Spirit   .   (no helmet)
rElec    .         Reflect  .   q - +0 cloak
rCorr    .         Harm     .   (no gloves)
MR       .....     NoTele   +   (no boots)
Stlth    ..........             (no amulet)
Regen    0.2/turn               t - +3 ring of intelligence
                                s - +2 ring of evasion

@: slow
A: swims, slowness 1, strong legs 1
a: Hop, Renounce Religion


You were in the Dungeon.
You worshipped Makhleb.
Makhleb was noncommittal.
You were not hungry.

You visited 1 branch

Inventory:

Hand Weapons
 p - a +2 scimitar of flaming (weapon)
Armour
 c - a +0 shield (worn)
 q - a +0 cloak (worn)
 r - a +1 chain mail (worn)
Jewellery
 s - a +2 ring of evasion (left hand)
 t - a +3 ring of intelligence (right hand)
Wands
 o - a wand of iceblast (7/15)
Scrolls
 k - 2 scrolls of blinking
 m - 3 scrolls of remove curse
 n - 2 scrolls of amnesia
Potions
 d - a potion of might
 e - 5 potions of curing
 g - 3 potions of heal wounds
 h - a potion of haste
 i - 4 potions of magic
 j - a potion of berserk rage
 l - a potion of invisibility
Comestibles
 f - a bread ration


   Skills:
 + Level 5.7 Fighting
 + Level 5.2 Long Blades
 + Level 5.8 Armour
 + Level 4.3 Dodging
 + Level 5.3 Shields
 + Level 2.9 Invocations


You had 4 spell levels left.
You didn't know any spells.

Dungeon Overview and Level Annotations

Branches:
Dungeon (1/1)

Altars:
Cheibriados
Dithmenos
Elyvilon
Fedhas
Gozag
Hepliaklqana
Kikubaaqudgha
Makhleb
Nemelex Xobeh
Okawaru
Qazlal
Ru
Sif Muna
Trog
Uskayaw
Vehumet
Xom
Yredelemnul
Zin
The Shining One
Beogh
Jiyva
Lugonu


Innate Abilities, Weirdness & Mutations

You can swim through water.
You cover ground slowly.
You can hop short distances.


Message History

You have reached level 5!
You feel agile. You block the two-headed ogre's attack.
The two-headed ogre hits you with a dire flail!
You slash the two-headed ogre! You burn the two-headed ogre.
The two-headed ogre is moderately wounded.
The two-headed ogre hits you with a giant spiked club.
You block the two-headed ogre's attack.
You slash the two-headed ogre! You burn the two-headed ogre.
The two-headed ogre is heavily wounded.
You block the two-headed ogre's attack.
The two-headed ogre hits you with a dire flail!
* * * LOW HITPOINT WARNING * * *
You see here a +0 cloak.
Items here: ))))) a +4 quarterstaff of protection; a +2 halberd of freezing a +2 dire flail of protection; a +1 broad axe of freezing; a +2 rapier of venom You see here an uncursed staff of energy.
The two-headed ogre hits you with a giant spiked club!!
You die... ▓▓▓▓▓▓▓▓▓▓▓▓▓▓▓▓▓▓▓▓▓▓▓▓▓▓▓▓▓▓▓▓ ______________.'@Oa)Y.hS)'...... ▓▓▓▓▓▓▓▓▓▓▓▓▓▓▓▓▓▓▓▓▓▓▓▓▓▓▓▓▓▓▓▓

You could see a two-headed ogre, a sky beast, a hound, a worker ant and an adder.

Vanquished Creatures
  An ice beast (D)
  An orc wizard (D)
  A worker ant (D)
  An adder zombie (D)
  A leopard gecko (D)
  A giant cockroach (D)
  A goblin (D)
  2 frilled lizards (D)
  A giant cockroach zombie (D)
  A rat (D)
11 creatures vanquished.

Notes
Turn   | Place    | Note
-------+----------+-------------------------------------------
     0 | D        | Gingerlord the Barachian Fighter began the quest for the Orb.
     0 | D        | Reached XP level 1. HP: 18/18 MP: 1/1
    10 | D        | Reached skill level 1 in Dodging
    77 | D        | Noticed an orc wizard
    77 | D        | Noticed a worker ant
    82 | D        | Killed an orc wizard
    82 | D        | Reached XP level 2. HP: 25/26 MP: 2/2
    82 | D        | Reached XP level 3. HP: 30/31 MP: 3/3
   117 | D        | Reached XP level 4. HP: 17/38 MP: 4/4
   287 | D        | Found a roughly hewn altar of Beogh.
   287 | D        | Found a snail-covered altar of Cheibriados.
   287 | D        | Found a shadowy altar of Dithmenos.
   287 | D        | Found a white marble altar of Elyvilon.
   287 | D        | Found a blossoming altar of Fedhas.
   287 | D        | Found an opulent altar of Gozag.
   288 | D        | Found a hazy altar of Hepliaklqana.
   289 | D        | Found a viscous altar of Jiyva.
   290 | D        | Found an ancient bone altar of Kikubaaqudgha.
   291 | D        | Found a corrupted altar of Lugonu.
   292 | D        | Found a burning altar of Makhleb.
   293 | D        | Found a sparkling altar of Nemelex Xobeh.
   294 | D        | Found an iron altar of Okawaru.
   295 | D        | Found a stormy altar of Qazlal.
   296 | D        | Found a sacrificial altar of Ru.
   297 | D        | Found a deep blue altar of Sif Muna.
   298 | D        | Found a bloodstained altar of Trog.
   299 | D        | Found a hide-covered altar of Uskayaw.
   300 | D        | Found a radiant altar of Vehumet.
   301 | D        | Found a shimmering altar of Xom.
   302 | D        | Found a basalt altar of Yredelemnul.
   303 | D        | Found a glowing silver altar of Zin.
   304 | D        | Found a glowing golden altar of the Shining One.
   314 | D        | Became a worshipper of Makhleb the Destroyer
   367 | D        | Noticed an ice beast
   367 | D        | Noticed a two-headed ogre
   367 | D        | Noticed a sky beast
   373 | D        | Killed an ice beast
   373 | D        | Reached skill level 5 in Fighting
   373 | D        | Reached skill level 5 in Long Blades
   373 | D        | Reached skill level 5 in Armour
   373 | D        | Reached skill level 5 in Shields
   373 | D        | Reached XP level 5. HP: 33/46 MP: 4/7
   383 | D        | Mangled by a two-headed ogre

Vault maps used:
D:        linesprint

Skill      XL: |  1  2  3  4 |
---------------+-------------+-----
Dodging        | 2 3 4 |  4.3
Fighting       | 4 5 |  5.7
Long Blades    | 3 4 5 |  5.2
Armour         | 4 5 |  5.8
Shields        | 4 5 |  5.3
Invocations    | 2 |  2.9

Action                   |  1- 3 |  4- 6 || total
-------------------------+-------+-------++-------
Melee: Long sword        |    57 |       ||    57
       Scimitar          |       |     8 ||     8
Armor: Scale mail        |    19 |       ||    19
       Chain mail        |       |     1 ||     1
Dodge: Dodged            |    12 |       ||    12
Block: Shield            |    35 |     7 ||    42
       Rpst.: Long sword |     5 |       ||     5
